 Dungeon Crawl Stone Soup version 0.26-a0-259-g1effd001a9 (webtiles) character file.

Game seed: 9848973005345807203

18 vurker the Sneak (level 2, 21/23 HPs)
             Began as a Demonspawn Brigand on July 16, 2020.
             Quit the game on level 1 of the Dungeon.
             The game lasted 00:00:46 (732 turns).

vurker the Sneak (Demonspawn Brigand)                Turns: 732, Time: 00:00:46

Health: 21/23      AC:  3    Str: 11    XL:     2   Next: 48%
Magic:  2/2        EV: 11    Int: 12    God:
Gold:   67         SH:  0    Dex: 14    Spells: 1/1 levels left

rFire    . . .     SeeInvis .   a - +2 dagger
rCold    . . .     Faith    .   (no shield)
rNeg     . . .     Spirit   .   b - +0 robe
rPois    .         Reflect  .   (no helmet)
rElec    .         Harm     .   c - +0 cloak
rCorr    .                      (no gloves)
MR       .....                  (no boots)
Stlth    ++........             (no amulet)
HPRegen  0.07/turn              (no ring)
MPRegen  0.08/turn              (no ring)

@: no status effects
A: demonic guardian 1
a: no special abilities


You were on level 1 of the Dungeon.
You were not hungry.

You visited 1 branch of the dungeon, and saw 1 of its levels.

You collected 67 gold pieces.

Inventory:

Hand Weapons
 a - a +2 dagger (weapon)
Missiles
 d - 8 poisoned darts (quivered)
 f - 2 curare-tipped darts
Armour
 b - a +0 robe (worn)
 c - a +0 cloak (worn)
Scrolls
 j - a scroll of fear {unknown}
 k - 3 scrolls of identify {unknown}
Potions
 g - a potion of curing {unknown}
 h - a potion of magic {unknown}
 i - a potion of stabbing {unknown}
Comestibles
 e - 4 rations


   Skills:
 + Level 2.6 Fighting
 - Level 1.7 Short Blades
 + Level 2.3 Throwing
 - Level 0.8 Dodging
 - Level 3.6 Stealth


You had one spell level left.
You didn't know any spells.
Your spell library was empty.

Dungeon Overview and Level Annotations

Branches:
Dungeon (1/15)

Altars:


Innate Abilities, Weirdness & Mutations

A weak demonic guardian rushes to your aid.


Message History

You kill the rat!
The kobold closely misses your ufetubus.
The giant cockroach misses your ufetubus.
Your ufetubus hits the giant cockroach.
The giant cockroach dies!
The kobold throws a stone.
The stone hits you but does no damage.
The kobold throws a stone.
The stone hits your ufetubus.
You see here a rat corpse.
The kobold barely misses your ufetubus.
The goblin hits your ufetubus with a +0 club.
Your ufetubus dies!
You hit the kobold. The kobold closely misses you.
You barely miss the kobold. The kobold hits you but does no damage.
You hit the kobold.
You kill the kobold!
You hit the kobold. The kobold barely misses you.
You hit the kobold.
You kill the kobold!
You closely miss the goblin. The goblin hits you with a +0 club.
* * * LOW HITPOINT WARNING * * *
You hit the goblin.
You kill the goblin!
Items here: ( ))) †††
Things that are here:
a +0 club; a hobgoblin skeleton
i - a lumpy purple potion
j - a scroll labeled RIWKYKHLYKOI
Items here: ( ))) ÷÷÷ You see here a rat skeleton.
You see here a stone.
You see here a stone.
You see here a rat skeleton.
Items here: ( ))) ÷÷÷
Found 3 scrolls labeled FIUNIF TIRALLE.
Found a stone staircase leading down.
k - 3 scrolls labeled FIUNIF TIRALLE
There is a stone staircase leading down here.
A hobgoblin comes into view.
You hit the hobgoblin. The hobgoblin misses you.
You hit the hobgoblin. The hobgoblin hits you.
You hit the hobgoblin.
You kill the hobgoblin!
No target in view!
No target in view!
No target in view!
No target in view!
No target in view!
No target in view!
No target in view!
No target in view!

####### ......###. #.
........... ..
....#####.#.###. ###.#
##.#..... # #.# ##.... ..
###.# #...# #.##
....###..### #.†###
.#.........#####@..#
.###.............#.####.#
......(....#.#..........#
(.##.......#.....##..##..
#.##.##..........# ..#
#..........###...# .#
...####.##..)#...# ..
#### #..####.####### ##
##.###.........#


There were no monsters in sight!

Vanquished Creatures
  A dart slug (D:1)
  A goblin (D:1)
  4 hobgoblins (D:1)
  2 bats (D:1)
  2 kobolds (D:1)
  A rat (D:1)
11 creatures vanquished.

Vanquished Creatures (collateral kills)
  An ooze (D:1)
  A giant cockroach (D:1)
2 creatures vanquished.

Grand Total: 13 creatures vanquished

Notes
Turn   | Place    | Note
-------+----------+-------------------------------------------
     0 | D:1      | vurker the Demonspawn Brigand began the quest for the Orb.
     0 | D:1      | Reached XP level 1. HP: 16/16 MP: 1/1
   377 | D:1      | Gained mutation: A weak demonic guardian rushes to your
                  | aid. [demonic ancestry]
   377 | D:1      | Reached XP level 2. HP: 15/23 MP: 2/2
   732 | D:1      | Quit the game

Illustrated notes

Levels and vault maps discovered:
D:1:      dpeg_arrival_tiny_h, layout_rooms

Skill      XL: |  1 |
---------------+----+-----
Throwing       | 2 |  2.3
Fighting       | |  2.6
Short Blades   | |  1.7
Dodging        | |  0.8
Stealth        | |  3.6

Action                   || total
-------------------------++-------
Melee: Dagger            ||    39
 Stab: Sleeping          ||     2
Armor: Robe              ||    22
Dodge: Dodged            ||    43

Table legend:
 A = Non-vault XP
 B = Vault XP
 C = Vault XP percentage of total XP
 D = Non-vault monster count
 E = Vault monster count
 F = Vault count percentage of total count
                 A         B        C        D         E       F
            +---------+---------+-------+---------+---------+-------
      Total |      26 |       0 |   0.0 |      13 |       0 |   0.0
            +---------+---------+-------+---------+---------+-------
        D:1 |      26 |       0 |   0.0 |      13 |       0 |   0.0
            +---------+---------+-------+---------+---------+-------
